 Dungeon Crawl Stone Soup version 0.26-a0-540-g8a0c9464d7 (webtiles) character file.

Game seed: 14537197644038183341

63 Goblin1989 the Ducker (level 4, -1/29 HPs)
             Began as an Octopode Wanderer on Aug 22, 2020.
             Slain by a gnoll (9 damage)
             ... on level 2 of the Dungeon on Aug 23, 2020.
             The game lasted 00:04:28 (1436 turns).

Goblin1989 the Ducker (Octopode Wanderer)           Turns: 1436, Time: 00:04:29

Health: -1/29      AC:  1    Str: 11    XL:     4   Next: 10%
Magic:  7/7        EV: 15    Int: 14    God:
Gold:   71         SH:  0    Dex: 18    Spells: 6/7 levels left

rFire    . . .     SeeInvis .   a - +0 spear
rCold    . . .     Faith    .   (no shield)
rNeg     . . .     Spirit   .   (helmet restricted)
rPois    .         Reflect  .   o - amulet of inaccuracy (curse)
rElec    .         Harm     .   k - +6 ring of dexterity
rCorr    .                      (no ring)
MR       .....                  (no ring)
Stlth    +++.......             (no ring)
HPRegen  0.09/turn              (no ring)
MPRegen  0.10/turn              (no ring)
                                (no ring)
                                (no ring)

@: no status effects
A: almost no armour, stealthy swim, amphibious, 8 rings, constrict 8, camouflage
1, gelatinous body 1
a: no special abilities


You were on level 2 of the Dungeon.
You visited 1 branch of the dungeon, and saw 2 of its levels.

You collected 71 gold pieces.

Inventory:

Hand Weapons
 a - a +0 spear (weapon)
 e - a +0 hand axe
 T - a +0 hunting sling
Missiles
 f - 63 arrows
 j - 55 stones (quivered) {@Q3}
 s - 14 poisoned darts
 U - 2 atropa-tipped darts
Jewellery
 k - a +6 ring of dexterity (left tentacle)
 o - a cursed amulet of inaccuracy (around mantle)
Scrolls
 p - a scroll of enchant armour {unknown}
 q - a scroll of remove curse {unknown}
 R - a scroll of identify {@r1}
Potions
 c - a potion of lignification
 h - a potion of berserk rage
 l - a potion of cancellation {unknown}
 m - a potion of ambrosia {unknown}
 n - 2 potions of might {unknown}
 r - a potion of curing {unknown}
 S - a potion of brilliance {unknown}


   Skills:
 - Level 2.0 Fighting
 - Level 3.0 Polearms
 + Level 3.6 Dodging
   Level 1.0 Shields
 - Level 2.0 Spellcasting
 - Level 1.0 Hexes
   Level 1.1 Evocations


You had 6 spell levels left.
You knew the following spells:

 Your Spells              Type           Power        Failure   Level
a - Corona                Hex            #......      16%         1

Your spell library contained the following spells:

 Spells                   Type           Power        Failure   Level
 Ensorcelled Hibernation  Hex/Ice        #.....       28%         2
 Confusing Touch          Hex            #.......     43%         3
 Tukima's Dance           Hex            #.......     43%         3
 Dazzling Flash           Conj/Hex       #.....       50%         3


Dungeon Overview and Level Annotations

Branches:
Dungeon (2/15)

Altars:
Elyvilon
Ru
Yredelemnul
Zin


Innate Abilities, Weirdness & Mutations

You cannot wear most types of armour.
You are very stealthy in the water. (Stealth+)
You are amphibious.
You can wear up to eight rings at the same time.
You can use your tentacles to constrict eight enemies at once.
Your skin changes colour to match your surroundings (Stealth+).
Your rubbery body absorbs attacks. (AC +1, EV +1)


Message History

No target in view!
No target in view!
No target in view!
No target in view!
No target in view!
No target in view!
No target in view!
No target in view!
No target in view!
No target in view!
No target in view!
No target in view!
No target in view!
No target in view!
No target in view!
No target in view!
No target in view!
Things that are here:
a +0 dagger; a frilled lizard corpse; Health restored: 29 A jackal comes into view.
A gnoll comes into view. It is wielding a +0 flail.
Found a sacrificial altar of Ru.
A jackal comes into view.
A gnoll comes into view. It is quivering 3 atropa-tipped darts.
You reach to attack!
The helpless jackal fails to defend itself.
You hit the jackal but do no damage.
The gnoll shouts! x2; You hear a shout!
The jackal bites you but does no damage.
The jackal barks!
You hit the jackal. You grab the jackal. You squeeze the jackal.
You kill the jackal!
The gnoll drinks a potion.
The gnoll seems to speed up.
A gnoll comes into view. It is wielding a +0 flail.
The gnoll throws an atropa-tipped dart.
The atropa-tipped dart barely misses you.
The jackal misses you.
The gnoll throws an atropa-tipped dart.
The atropa-tipped dart closely misses you.
You see here a ring mail.
The gnoll throws an atropa-tipped dart.
The atropa-tipped dart barely misses you.
You see here 2 atropa-tipped darts.
U - 2 atropa-tipped darts The jackal barely misses you. x2
You see here a giant cockroach corpse.
The jackal bites you.
Things that are here:
a +0 dagger; a frilled lizard corpse You take 2 damage, and have 27/29 hp.
You hit the jackal but do no damage. You grab the jackal.
You squeeze the jackal.
You kill the jackal!
You miss the gnoll. You grab the gnoll.
You constrict the gnoll, but do no damage.
The gnoll hits you.
You take 5 damage, and have 23/29 hp.
You hit the gnoll. You squeeze the gnoll.
The gnoll is moderately wounded.
You constrict the gnoll, but do no damage.
The gnoll closely misses you. The gnoll hits you.
You take 6 damage, and have 17/29 hp.
MASSIVE DAMAGE!!
You are too injured to fight recklessly!
You are too injured to fight recklessly!
You are too injured to fight recklessly!
You are too injured to fight recklessly!
You are too injured to fight recklessly!
You are too injured to fight recklessly!
You are too injured to fight recklessly!
You are too injured to fight recklessly!
You are too injured to fight recklessly!
You are too injured to fight recklessly!
You are too injured to fight recklessly!
You are too injured to fight recklessly!
You are too injured to fight recklessly!
You are too injured to fight recklessly!
You are too injured to fight recklessly!
You are too injured to fight recklessly!
You are too injured to fight recklessly!
You are too injured to fight recklessly!
You are too injured to fight recklessly!
You hit the gnoll but do no damage.
The gnoll is moderately wounded.
You constrict the gnoll, but do no damage.
The gnoll hits you!
* * * LOW HITPOINT WARNING * * *
You take 7 damage, and have 10/29 hp.
MASSIVE DAMAGE!!
You hit the gnoll.
The gnoll is heavily wounded.
You constrict the gnoll. The gnoll misses you.
You hit the gnoll but do no damage.
The gnoll is heavily wounded.
You constrict the gnoll. The gnoll hits you.
* * * LOW HITPOINT WARNING * * *
The gnoll closely misses you.
You take 2 damage, and have 8/29 hp.
You hit the gnoll but do no damage.
The gnoll is severely wounded.
You constrict the gnoll, but do no damage.
The gnoll hits you!
You die...

█.....†........
..█████.█.████ .. .██
█....██ ..
.██████.....██████ .█
....................█
.██████.....██.███..███
....███.....█..........
.██.██...........█..█ .█
██...███.███@█..█ .█
█...█ █.█ █g█..█ .█
.██... █▲███g█..█ ..
...... ▲⌂▲..g...█
.........█ █████....█
█.██.█.█ ███ █.█..█
█.█....███████.█[.█
█..w...........█..██ .█
██.█..............(.██.█


You could see 3 gnolls.

Vanquished Creatures
  An adder (D:2)
  2 dart slugs (D:1)
  A leopard gecko (D:2)
  A ball python (D:1)
  4 giant cockroaches
  5 goblins
  7 hobgoblins
  2 jackals (D:2)
  3 kobolds (D:1)
  A quokka (D:2)
  11 bats
  A frilled lizard (D:2)
  6 rats
45 creatures vanquished.

Notes
Turn   | Place    | Note
-------+----------+-------------------------------------------
     0 | D:1      | Goblin1989 the Octopode Wanderer began the quest for the
                  | Orb.
     0 | D:1      | Goblin1989 set off with the following items: a +0 spear, a
                  | potion of lignification; and the following spell memorised:
                  | Corona; and the following spells available to memorise:
                  | Ensorcelled Hibernation, Confusing Touch, Tukima's Dance,
                  | Dazzling Flash
     0 | D:1      | Reached XP level 1. HP: 14/14 MP: 3/3
    71 | D:1      | Reached skill level 1 in Dodging
   103 | D:1      | Reached XP level 2. HP: 17/19 MP: 5/5
   547 | D:1      | Reached XP level 3. HP: 21/24 MP: 6/6
  1099 | D:2      | Found a basalt altar of Yredelemnul.
  1171 | D:2      | Found a white marble altar of Elyvilon.
  1362 | D:2      | Reached XP level 4. HP: 29/29 MP: 7/7
  1371 | D:2      | Found a glowing silver altar of Zin.
  1410 | D:2      | Found a sacrificial altar of Ru.
  1436 | D:2      | Slain by a gnoll

Illustrated notes

Levels and vault maps discovered:
D:1:      dpeg_arrival_concentric_ovals, layout_basic
D:2:      layout_loops_ring, nicolae_ru_sacrificial_ziggurat,
          lemuel_doored_altar, kennysheep_ying_yang, elyvilon_altar_4

Skill      XL: |  1  2  3 |
---------------+----------+-----
Dodging        | 1 2 3 |  3.6
Fighting       | |  2.0
Polearms       | |  3.0
Shields        | |  1.0
Spellcasting   | |  2.0
Hexes          | |  1.0
Evocations     | |  1.1

Action                   |  1- 3 |  4- 6 || total
-------------------------+-------+-------++-------
Melee: Spear             |   108 |    14 ||   122
       Constrict         |    20 |     3 ||    23
       Tentacles         |    13 |     4 ||    17
  Use: Scroll            |     3 |       ||     3
 Stab: Sleeping          |    16 |     1 ||    17
       Distracted        |     1 |       ||     1
Armor: Skin              |     6 |     1 ||     7
Dodge: Dodged            |    45 |    16 ||    61

Table legend: (Time is in decaauts)
 A = Elapsed time spent in this place.
 B = Non-inter-level travel time spent in this place.
 C = Inter-level travel time spent in this place.
 D = Time resting spent in this place.
 E = Time spent auto-exploring this place.
 F = Levels seen in this place.
 G = Mean time per level.
                   A        B        C        D        E       F      G
               +--------+--------+--------+--------+--------+-----+--------+
         Total |   1429 |   1421 |      8 |      0 |   1040 |   2 |  714.5 |
       Dungeon |   1429 |   1421 |      8 |      0 |   1040 |   2 |  714.5 |
               +--------+--------+--------+--------+--------+-----+--------+

Top non-repeatable levels by time:
     D:1: 1057 daAuts
     D:2: 371 daAuts
